 Dungeon Crawl Stone Soup version 0.27.1-33-g824d729ab1 (webtiles) character file.

Game seed: 16357927887437146248

3 zeram the Ducker (level 1, -2/11 HPs)
             Began as a Spriggan Fighter on Dec 26, 2021.
             Slain by a kobold (4 damage)
             ... on level 1 of the Dungeon.
             The game lasted 00:00:30 (150 turns).

zeram the Ducker (Spriggan Fighter)                  Turns: 150, Time: 00:00:31

Health: -2/11      AC:  2    Str: 12    XL:     1   Next: 41%
Magic:  2/2        EV: 17    Int:  9    God:
Gold:   12         SH:  6    Dex: 14    Spells: 0/0 levels left

rFire    . . .     SeeInvis +   a - +0 rapier
rCold    . . .     Faith    .   c - +0 buckler
rNeg     . . .     Spirit   .   b - +0 robe
rPois    .         Reflect  .   (helmet restricted)
rElec    .         Harm     .   (no cloak)
rCorr    .         Rampage  .   (gloves unavailable)
Will     .....                  (boots unavailable)
Stlth    +.........             (no amulet)
HPRegen  0.03/turn              (no ring)
MPRegen  0.08/turn              (no ring)

@: very quick
A: very small, no large weapons, unfitting armour, see invisible, speed 3
a: no special abilities


You were on level 1 of the Dungeon.
You visited 1 branch of the dungeon, and saw 1 of its levels.

You collected 12 gold pieces.

Inventory:

Hand Weapons
 a - a +0 rapier (weapon)
Armour
 b - a +0 robe (worn)
 c - a +0 buckler (worn)
Scrolls
 f - a scroll of noise {unknown}
Potions
 d - a potion of might
 e - 2 potions of degeneration {unknown}
 g - a potion of heal wounds {unknown}
 h - a potion of cancellation {unknown}


   Skills:
 - Level 2.4 Fighting
 - Level 2.1 Short Blades
 - Level 4.0 Dodging
 + Level 0.1 Stealth
 + Level 2.3 Shields


You couldn't memorise any spells.
You didn't know any spells.
Your spell library was empty.

Dungeon Overview and Level Annotations

Branches:
Dungeon (1/15)

Altars:


Innate Abilities, Weirdness & Mutations

You are very small and have problems with some larger weapons.
You are too small for most types of armour.
You have supernaturally acute eyesight. (SInv)
You cover ground extremely quickly. (Speed+++)


Message History

You puncture the endoplasm!
You kill the endoplasm!
No target in view!
A kobold comes into view. It is wielding a +0 short sword.
A kobold is nearby!
A kobold is nearby!
A kobold is nearby!
A ball python comes into view.
Found 15 gold pieces.
The ball python hisses angrily.
The kobold throws a stone.
The stone misses you.
Found 13 gold pieces.
The kobold throws a stone.
The stone barely misses you.
You barely miss the kobold. The kobold barely misses you.
The ball python closely misses you. The ball python grabs you.
The ball python constricts you.
You barely miss the ball python. The kobold hits you but does no damage.
The ball python bites you but does no damage.
The ball python constricts you. The kobold misses you.
You closely miss the ball python. You block the ball python's attack.
The ball python constricts you.
The kobold hits you with a +0 short sword.
You block the ball python's attack. The ball python constricts you.
You are too injured to fight recklessly!
You are too injured to fight recklessly!
You are too injured to fight recklessly!
You escape the ball python's grasp.
The kobold throws a stone.
The stone barely misses you.
You are too injured to fight recklessly!
You are too injured to fight recklessly!
You hit the ball python.
The ball python is heavily wounded.
The ball python bites you.
* * * LOW HITPOINT WARNING * * *
The ball python grabs you. The ball python constricts you.
* * * LOW HITPOINT WARNING * * *
You hit the ball python.
You kill the ball python!
You hit the kobold but do no damage.
The kobold hits you with a +0 short sword.
You die...

...............
...............
...............
..............#
#.............#
##............#
######.####..# ##K#
## # ##.@#
...####..###
#.........#.##
#####........#.
###...#####...
#....## #..## ##
#...##.# #.# ##.
#.## #.#####.# ##.⌠
♣..####.##....#####
##...


You could see a kobold.

Vanquished Creatures
  An endoplasm (D:1)
  2 ball pythons (D:1)
3 creatures vanquished.

Notes
Turn   | Place    | Note
-------+----------+-------------------------------------------
     0 | D:1      | zeram the Spriggan Fighter began the quest for the Orb.
     0 | D:1      | Reached XP level 1. HP: 11/11 MP: 2/2
   150 | D:1      | Slain by a kobold

Illustrated notes

Levels and vault maps discovered:
D:1:      ncdulo_halloftheorcs, layout_rooms,
          shapermc_ecumenical_altar_totnotflames, amcnicky_mini_corridor_feature

Action                   || total
-------------------------++-------
Melee: Rapier            ||     8
 Stab: Sleeping          ||     1
Armor: Robe              ||     3
Dodge: Dodged            ||     7
Block: Buckler           ||     2
